 Dungeon Crawl Stone Soup version 0.27.1-33-g824d729ab1 (webtiles) character file.

Game seed: 10867059705528801328

8131 zeram the Nimble (level 11, -11/88 HPs)
             Began as a Troll Enchanter on Dec 10, 2021.
             Was an Initiate of Gozag.
             Hit by a boomerang thrown by an orc warrior (13 damage)
             ... on level 9 of the Dungeon.
             The game lasted 00:23:56 (8424 turns).

zeram the Nimble (Troll Enchanter)                  Turns: 8424, Time: 00:23:58

Health: -11/88     AC: 13    Str: 18    XL:     11   Next: 5%
Magic:  11/11      EV: 13    Int: 14    God:    Gozag
Gold:   771        SH:  0    Dex: 10    Spells: 7/12 levels left

rFire    . . .     SeeInvis +   h - +1 giant club
rCold    . . .     Faith    .   (shield currently unavailable)
rNeg     . . .     Spirit   .   b - +2 robe
rPois    .         Reflect  .   (helmet restricted)
rElec    .         Harm     .   g - +2 cloak
rCorr    .         Rampage  .   (gloves unavailable)
Will     .....                  (boots unavailable)
Stlth    ++........             y - amulet of regeneration
HPRegen  2.24/turn              f - +4 ring of protection
MPRegen  0.12/turn              t - ring of see invisible

@: gold aura
A: large, unfitting armour, claws 3, regeneration 1, shaggy fur 1, tough skin 1
a: Renounce Religion, Potion Petition, Call Merchant, Bribe Branch


You were on level 9 of the Dungeon.
You worshipped Gozag.
Gozag was pleased with you.
You visited 3 branches of the dungeon, and saw 11 of its levels.
You also visited: Sewer.

You collected 983 gold pieces.
You spent 147 gold pieces at shops.
You paid 65 gold pieces to Gozag.

Inventory:

Hand Weapons
 a - a +1 spectral dagger
 h - a +1 giant club (weapon)
 q - a +0 giant spiked club
 w - the +4 dagger of Zin's Envy {speed, Str+3 Dex+5}
   (You bought it in a shop on level 5 of the Dungeon)

   Attacks with this weapon are significantly faster.
   Str:       It affects your strength (+3).
   Dex:       It affects your dexterity (+5).
 B - the +0 staff of Battle
   (You found it on level 7 of the Dungeon)

   It enhances your conjuration magic.
   It summons a battlesphere in combat, with strength depending on Conjurations
   skill.
Missiles
 l - a throwing net
Armour
 b - a +2 robe (worn)
 g - a +2 cloak (worn)
Jewellery
 d - a ring of magical power
 e - a ring of ice
 f - a +4 ring of protection (left claw)
 k - a ring of protection from cold
 m - a +4 ring of protection
 n - a ring of protection from fire
 o - a ring of positive energy
 t - a ring of see invisible (right claw)
 y - an amulet of regeneration (around neck)
Wands
 j - a wand of paralysis (14)
Scrolls
 c - 2 scrolls of amnesia
 s - a scroll of fear
 u - 2 scrolls of teleportation
Potions
 i - a potion of heal wounds
 r - 2 potions of cancellation
 z - a potion of attraction


   Skills:
 - Level 0.7 Short Blades
 + Level 8.5 Maces & Flails
 + Level 12.4 Dodging
 - Level 1.5 Stealth
 - Level 1.2 Spellcasting
 - Level 2.0 Hexes
 * Level 3.7 Ice Magic


You had 7 spell levels left.
You knew the following spells:

 Your Spells              Type           Power      Damage    Failure   Level
a - Tukima's Dance        Hex            6%         N/A       34%         3
b - Ensorcelled Hibernat  Hex/Ice        16%        N/A       12%         2

Your spell library contained the following spells:

 Spells                   Type           Power      Damage    Failure   Level
 Corona                   Hex            6%         N/A       12%         1
 Animate Skeleton         Necr           0%         N/A       26%         1
 Apportation              Tloc           0%         N/A       26%         1
 Sting                    Tmut/Pois      0%         1d3       26%         1
 Summon Small Mammal      Summ           0%         N/A       26%         1
 Confusing Touch          Hex            6%         N/A       34%         3
 Poisonous Vapours        Pois/Air       0%         N/A       36%         2
 Dazzling Flash           Conj/Hex       6%         N/A       45%         3
 Summon Guardian Golem    Hex/Summ       3%         N/A       45%         3
 Call Canine Familiar     Summ           0%         N/A       61%         3
 Ignite Poison            Fire/Tmut/Pois 0%         N/A       61%         3
 Mephitic Cloud           Conj/Pois/Air  0%         N/A       61%         3
 Olgreb's Toxic Radiance  Pois           0%         N/A       95%         4
 Bolt of Magma            Conj/Fire/Erth 0%         4d4       100%        5
 Dispersal                Tloc           0%         N/A       100%        6
 Disjunction              Tloc           0%         N/A       100%        8


Dungeon Overview and Level Annotations

Branches:
Dungeon (9/15)             Temple (1/1) D:5            Lair (1/6) D:8
  Sewer (visited)
    Orc: D:9-12

Altars:
Cheibriados
Dithmenos
Elyvilon
Fedhas
Gozag
Hepliaklqana
Kikubaaqudgha
Nemelex Xobeh
Okawaru
Qazlal
Ru
Trog
Uskayaw
Vehumet
Wu Jian
Xom
Yredelemnul
The Shining One

Shops:
D:5 (   D:9 *


Innate Abilities, Weirdness & Mutations

You are too large for most types of armour.
You have claws for hands.
Your natural rate of healing is unusually fast.
You are covered in fur. (AC +1)
You have tough skin. (AC +1)


Message History

You kill the orc priest!
The orc warrior throws a boomerang.
The boomerang hits you.
The orc wizard zaps a wand.
The mass of ice explodes!
The iceblast engulfs you!
The electric eel shoots out a bolt of lightning at you!
The bolt of electricity hits you!
The orc wizard is distracted by your dazzling golden aura.
The orc wizard shouts!
Things that are here:
8 gold pieces; a +0 flail; a +0 chain mail The orc wizard is no longer distracted by gold.
The electric eel shoots out a bolt of lightning at you!
The bolt of electricity hits you. The orc wizard casts a spell at you.
You easily resist.
The orc warrior throws a boomerang.
The boomerang hits you but does no damage.
The orc wizard is distracted by your dazzling golden aura.
The electric eel shoots out a bolt of lightning at you!
The bolt of electricity hits the orc!
The orc dies!
The bolt of electricity hits you!
* * * LOW HITPOINT WARNING * * *
The orc wizard shouts!
The orc wizard is no longer distracted by gold.
The electric eel shoots out a bolt of lightning at you!
The bolt of electricity hits you.
* * * LOW HITPOINT WARNING * * *
The orc wizard gestures at you while chanting.
The magic dart hits you.
* * * LOW HITPOINT WARNING * * *
The electric eel shoots out a bolt of lightning at you!
The bolt of electricity hits you!
* * * LOW HITPOINT WARNING * * *
As you read the scroll of fog, it crumbles to dust.
The scroll dissolves into smoke.
The electric eel shoots out a bolt of lightning at you!
The bolt of electricity hits you!
* * * LOW HITPOINT WARNING * * *
The orc warrior throws a boomerang.
The boomerang hits you!
You die...
Your body crumbles into a pile of gold.

#..≈≈.# .. $
#..;≈##....
#$.........
#.$≈≈##...
#..≈≈o#...
#.$≈≈o'##########
###..≈8≈≈≈≈≈≈≈≈≈≈≈≈
#§§§.8≈≈≈≈≈≈≈≈≈≈≈≈≈
#§@§...............
#§§§........#)##...
#.......$..$#)##...
#...$.......#)##.##
#...........).....#
#..........#.......
#..........#.....>.
#..........#.###..#
#..........#......#


You could see an orc warrior, an electric eel and an orc wizard.

Vanquished Creatures
  A boulder beetle (D:8)
  A two-headed ogre (D:8)
  A manticore (D:8)
  An ugly thing (D:8)
  A komodo dragon (D:8)
  A komodo dragon (shapeshifter) (D:8)
  Prince Ribbit (D:5)
  A vampire (D:8)
  6 yaks (D:8)
  A wyvern (D:9)
  A steam dragon (D:8)
  An acid dragon (D:9)
  2 water moccasins
  4 ogres
  3 orc warriors (D:9)
  A necrophage (D:8)
  A centaur (D:8)
  2 phantoms
  Blork the orc (D:6)
  A kobold brigand (Sewer)
  3 bullfrogs
  3 scorpions
  5 wights (D:7)
  An electric eel (D:9)
  5 howler monkeys
  3 centaur zombies (D:9)
  A bullfrog zombie (D:5)
  2 hounds
  An orc priest (D:9)
  Crazy Yiuf (D:4)
  A bullfrog skeleton (D:6)
  A gnoll shaman (D:4)
  3 iguanas
  2 orc wizards
  Ijyb (D:4)
  2 killer bee zombies
  A howler monkey zombie (D:7)
  5 gnolls
  9 adders
  8 river rats (Sewer)
  2 shadow imps
  An ufetubus (D:4)
  A worm (D:2)
  2 dart slugs (D:1)
  22 orcs
  7 ball pythons
  9 bats
  7 endoplasms
  A giant cockroach (D:2)
  7 goblins
  9 hobgoblins
  6 jackals
  12 quokkas
  4 frilled lizards
  25 kobolds
  21 rats
226 creatures vanquished.

Vanquished Creatures (others)
  2 orcs (D:9)
  12 plants (D:8)
14 creatures vanquished.

Grand Total: 240 creatures vanquished

Notes
Turn   | Place    | Note
-------+----------+-------------------------------------------
     0 | D:1      | zeram the Troll Enchanter began the quest for the Orb.
     0 | D:1      | Reached XP level 1. HP: 16/16 MP: 1/1
   108 | D:1      | Reached skill level 2 in Dodging
   207 | D:1      | Reached XP level 2. HP: 24/24 MP: 2/2
   227 | D:1      | Learned a level 2 spell: Ensorcelled Hibernation
   253 | D:1      | Found a faded altar of an unknown god.
   443 | D:1      | Reached XP level 3. HP: 25/31 MP: 3/3
   720 | D:1      | Reached skill level 3 in Dodging
   955 | D:2      | Found a basalt altar of Yredelemnul.
  1917 | D:3      | Reached XP level 4. HP: 27/39 MP: 4/4
  2347 | D:3      | Reached skill level 4 in Dodging
  2424 | D:4      | Reached XP level 5. HP: 45/45 MP: 5/5
  2445 | D:4      | Noticed an ogre
  2495 | D:3      | Killed an ogre
  2496 | D:3      | Reached skill level 5 in Dodging
  2593 | D:3      | Reached XP level 6. HP: 46/53 MP: 2/6
  2763 | D:4      | Reached skill level 1 in Maces & Flails
  3076 | D:4      | Found a runed translucent door.
  3077 | D:4      | Noticed Crazy Yiuf
  3164 | D:4      | Noticed Ijyb
  3188 | D:4      | Killed Ijyb
  3447 | D:4      | Killed Crazy Yiuf
  3507 | D:5      | Entered Level 5 of the Dungeon
  3588 | D:5      | Reached XP level 7. HP: 44/59 MP: 7/7
  3917 | D:5      | Found a glowing drain.
  4077 | Sewer    | Entered a sewer
  4173 | Sewer    | Reached skill level 1 in Ice Magic
  4199 | Sewer    | Reached skill level 6 in Dodging
  5066 | D:5      | Reached XP level 8. HP: 65/67 MP: 8/8
  5119 | D:5      | Found a staircase to the Ecumenical Temple.
  5180 | D:5      | Found Dacu Zack's Antique Weapon Boutique.
  5188 | D:5      | Bought a faintly glowing dagger for 147 gold pieces
  5188 | D:5      | Identified the +4 dagger of Zin's Envy {speed, Str+3 Dex+5}
                  | (You bought it in a shop on level 5 of the Dungeon)
  5346 | Temple   | Entered the Ecumenical Temple
  5440 | Temple   | Became a worshipper of Gozag Ym Sagoz the Greedy
  5457 | D:5      | Learned a level 3 spell: Tukima's Dance
  5509 | D:6      | Noticed Prince Ribbit
  5589 | D:5      | Reached skill level 11 in Dodging
  5589 | D:5      | Reached XP level 9. HP: 23/74 MP: 7/9
  5600 | D:5      | Killed Prince Ribbit
  5601 | D:5      | Reached skill level 12 in Dodging
  5865 | D:6      | Noticed Blork the orc
  5872 | D:6      | Killed Blork the orc
  5983 | D:6      | Reached skill level 5 in Maces & Flails
  6516 | D:7      | Found the +0 staff of Battle
  7057 | D:8      | Reached XP level 10. HP: 74/81 MP: 10/10
  7307 | D:8      | Found a basalt altar of Yredelemnul.
  7442 | D:8      | Noticed a manticore
  7445 | D:8      | Noticed a harpy
  7445 | D:8      | a yaktaur changed into a harpy
  7468 | D:8      | Killed a manticore
  7471 | D:8      | a harpy changed into a komodo dragon
  7530 | D:8      | Noticed a green ugly thing
  7530 | D:8      | Noticed a boulder beetle
  7553 | D:8      | Killed a green ugly thing
  7567 | D:8      | Found a white marble altar of Elyvilon.
  7623 | D:8      | Found a staircase to the Lair.
  7631 | D:8      | Noticed a two-headed ogre
  7649 | D:8      | Killed a two-headed ogre
  7685 | Lair:1   | Entered Level 1 of the Lair of Beasts
  7840 | D:8      | Killed a boulder beetle
  7868 | D:8      | Noticed a white ugly thing
  7876 | D:8      | HP: 4/81 [white ugly thing (18)]
  7945 | D:8      | HP: 4/81 [white ugly thing (26)]
  8031 | D:9      | Found the +7 Kryia's mail coat {PotionHeal*2 rC+}
  8050 | D:9      | Found Juseit's General Store.
  8172 | D:9      | Reached XP level 11. HP: 82/88 MP: 11/11
  8424 | D:9      | HP: 2/88 [electric eel/bolt of electricity (9)]
  8424 | D:9      | Hit by a boomerang thrown by an orc warrior

Illustrated notes

Levels and vault maps discovered:
D:1:      psy_arrival_dodecagon, layout_loops_ring,
          hellmonk_ecumenical_altar_arch_garden, kennysheep_another_room,
          minmay_pentomino_x2
D:2:      layout_loops_ring, serial_forest, infiniplex_forest_straight_2,
          infiniplex_forest_lined_ring, infiniplex_forest_straight_5,
          infiniplex_forest_zigzag_2, infiniplex_forest_fountain,
          infiniplex_forest_straight_3, infiniplex_forest_straight_2,
          basic_altar, minmay_misc_feat_room, minmay_puff
D:3:      layout_rooms, chequers_decorated_corner, st_stairs_13
D:4:      layout_loops_ring, minmay_bisected, uniq_ijyb, uniq_crazy_yiuf_cottage
D:5:      layout_basic, minmay_temple_entry_fiery, serial_shops, shop,
          gup_sewer_entry_pipe
D:6:      layout_rooms, minivault_25, corexii_checkpoint_a, uniq_prince_ribbit1,
          uniq_blork_the_orc
D:7:      layout_basic
D:8:      minmay_tri_box, layout_basic, mainiacjoe_overflow_cross_hatched,
          kennysheep_mini_moat, david_lair_shrubbed, small_statue_alley_b
D:9:      layout_rooms, minitemple, erik_orc_2, serial_shops, shop, uniq_erolcha
Temple:   lightli_temple_of_artemis
Lair:1:   layout_cave_pods

Skill      XL: |  1  2  3  4  5  6  7  8  9 10 |
---------------+-------------------------------+-----
Dodging        | 2 3 4 5 6 11 12 | 12.4
Maces & Flails | 2 4 6 8 |  8.5
Ice Magic      | 1 2 3 |  3.7
Short Blades   | |  0.7
Stealth        | |  1.5
Spellcasting   | |  1.2
Hexes          | |  2.0

Action                   |  1- 3 |  4- 6 |  7- 9 | 10-12 || total
-------------------------+-------+-------+-------+-------++-------
Melee: Dagger            |   219 |    64 |    31 |       ||   314
       Giant club        |       |   125 |   800 |   236 ||  1161
 Cast: Ensorcelled Hiber |       |     8 |     7 |       ||    15
  Use: Scroll            |     6 |     9 |     5 |     8 ||    28
       Potion            |       |     3 |     6 |    11 ||    20
 Stab: Sleeping          |     5 |     5 |     3 |       ||    13
       Invisible         |       |       |     4 |       ||     4
Armor: Robe              |    86 |   109 |   882 |   114 ||  1191
       Skin              |       |       |       |    11 ||    11
Dodge: Dodged            |   100 |   135 |   917 |   205 ||  1357
